AoeStats
← LAT_Power_

MegaRandom

509751313Analyzed
3v3 RM · 4d ago on Sep 27, 2026· 50m 21s· 6 players
Game mode
Random Map
Map size
Normal (6 player)
Population
200
Speed
Normal
Resources
Standard
Victory
Conquest
Starting age
Dark Age
Ending age
Imperial Age
RankedLock teamsTeams togetherTeam positionsShared explorationLock speedFull tech treeHidden civsTurbo modeCheats
Victory
Defeat
🇭🇺 Britons · Hungary
1632
+12
🇭🇺 Mongols · Hungary
1563
+15
🇭🇺 Ethiopians · Hungary
1542
+16
🇲🇽 Franks · Mexico
1626
-18
🇺🇸 Saracens · United States
1520
-13
🇲🇽 Britons · Mexico
1491
-12
LAT_Power_
1:20 Loom
9:31 Feudal Age
10:18 Double-Bit Axe
13:08 Fletching
14:01 Padded Archer Armor
22:33 Castle Age
22:52 Wheelbarrow
23:16 Bodkin Arrow
26:15 Bow Saw
28:00 Elite Skirmisher
29:39 Ballistics
36:50 Imperial Age
34:57 Gold Mining
35:27 Hand Cart
36:07 Leather Archer Armor
35:59 Town Watch
36:19 Crossbowman
39:41 Bracer
40:18 Arbalester
43:21 Elite Skirmisher
43:25 Elite Mameluke
45:06 Scale Barding Armor
45:11 Forging
47:05 Chain Barding Armor
47:03 Husbandry
47:13 Bloodlines
48:08 Iron Casting
MZTK | Evil Xandro
1:36 Loom
12:12 Feudal Age
12:43 Double-Bit Axe
15:56 Castle Age
15:17 Wheelbarrow
14:27 Town Watch
14:33 Fletching
14:25 Horse Collar
15:25 Gold Mining
15:42 Padded Archer Armor
16:04 Crossbowman
16:39 Bodkin Arrow
19:51 Hand Cart
19:22 Town Watch
21:41 Bow Saw
23:26 Ballistics
26:39 Imperial Age
26:47 Gold Shaft Mining
26:13 Heavy Plow
26:47 Yeomen
26:47 Arbalester
27:29 Bracer
28:41 Conscription
30:18 Chemistry
29:58 Elite Skirmisher
32:42 Leather Archer Armor
39:25 Ring Archer Armor
48:54 Caravan
49:25 Coinage
49:06 Guilds
MztK | SpAwN
1:06 Loom
10:56 Feudal Age
13:41 Scale Barding Armor
13:46 Forging
18:14 Castle Age
16:46 Double-Bit Axe
19:20 Chain Barding Armor
19:32 Bow Saw
24:20 Wheelbarrow
24:09 Husbandry
26:00 Gold Mining
26:03 Fishing Lines
29:07 Imperial Age
27:12 Medium Warships
28:21 Gold Shaft Mining
29:15 Cavalier
30:32 Plate Barding Armor
31:35 Chivalry
30:57 Paladin
32:47 Iron Casting
37:49 Onager
38:08 Light Cavalry
42:02 Siege Engineers
43:16 Caravan
[H] Blabla
1:07 Loom
9:34 Feudal Age
15:21 Castle Age
13:20 Double-Bit Axe
14:05 Forging
14:00 Scale Barding Armor
14:18 Gold Mining
14:59 Bloodlines
16:27 Bow Saw
21:46 Wheelbarrow
21:17 Stone Mining
23:04 Chain Barding Armor
23:19 Iron Casting
24:02 Husbandry
31:27 Imperial Age
29:51 Chain Barding Armor
31:01 Town Watch
31:31 Hand Cart
32:27 Iron Casting
32:05 Elite Steppe Lancer
34:21 Blast Furnace
33:43 Conscription
34:04 Drill
33:06 Capped Ram
35:51 Siege Ram
38:53 Heavy Camel Rider
40:59 Coinage
43:15 Caravan
43:45 Banking
43:36 Light Cavalry
45:39 Horse Collar
46:22 Heavy Plow
46:48 Fletching
46:58 Padded Archer Armor
48:37 Heavy Scorpion
50:26 Stone Shaft Mining
50:31 Gold Shaft Mining
[JA]SchleK SobeR
0:50 Loom
11:31 Feudal Age
13:23 Double-Bit Axe
15:06 Wheelbarrow
15:04 Fletching
17:10 Padded Archer Armor
18:32 Horse Collar
22:49 Castle Age
21:05 Gold Mining
23:28 Bodkin Arrow
22:54 Crossbowman
24:09 Bow Saw
24:13 Town Watch
26:06 Fishing Lines
29:08 Imperial Age
27:15 Hand Cart
28:12 Heavy Plow
29:28 Leather Archer Armor
30:53 Bracer
32:07 Chemistry
33:39 Two-Man Saw
33:12 Ring Archer Armor
32:06 Arbalester
33:21 Ring Archer Armor
33:42 Squires
33:30 Pikeman
34:31 Scale Mail Armor
34:41 Forging
35:05 Halberdier
39:07 Chain Mail Armor
40:01 Stone Mining
41:21 Plate Mail Armor
43:50 Iron Casting
44:11 Capped Ram
45:22 Caravan
46:05 Conscription
46:34 Ballistics
47:00 Gold Shaft Mining
46:21 Arson
48:09 Blast Furnace
46:49 Elite Skirmisher
49:05 Siege Engineers
49:11 Fortified Wall
48:43 Elite Longbowman
49:44 Yeomen
Leto_Mallory
1:32 Loom
12:19 Feudal Age
13:23 Double-Bit Axe
13:19 Horse Collar
13:31 Gold Mining
16:04 Castle Age
14:05 Fletching
14:46 Padded Archer Armor
16:03 Wheelbarrow
16:07 Crossbowman
16:51 Bodkin Arrow
17:08 Bow Saw
16:59 Town Watch
24:39 Imperial Age
22:55 Leather Archer Armor
22:46 Thumb Ring
23:27 Ballistics
24:48 Arbalester
26:54 Chemistry
26:42 Bracer
27:51 Stone Mining
29:31 Ring Archer Armor
30:25 Hand Cart
32:43 Heavy Plow
34:49 Conscription
36:42 Town Patrol
39:02 Coinage
40:57 Banking
43:05 Caravan
47:43 Squires
47:45 Scale Mail Armor
47:55 Forging
48:44 Chain Mail Armor
48:22 Halberdier
49:14 Arson
50:05 Iron Casting
Connection lost

Rejoining the realm…

Still unreachable

The connection could not be restored.

Session expired

The server has moved on; the page needs a fresh start.